 Dungeon Crawl Stone Soup version 0.32-a0-872-g59262bdc9b (webtiles) character file.

Game seed: 3459910601393031289

12014 Biggs the Skirmisher (level 11, -6/86 HPs)
             Began as a Coglin Hunter on Mar 30, 2024.
             Was a High Priest of Okawaru.
             Mangled by a polar bear (20 damage)
             ... on level 11 of the Dungeon.
             The game lasted 00:21:43 (12370 turns).

Biggs the Skirmisher (Coglin Hunter)               Turns: 12370, Time: 00:21:43

Health: -6/86      AC: 11    Str: 11    XL:     11   Next: 86%
Magic:  11/11      EV: 16    Int:  9    God:    Okawaru [*****.]
Gold:   949        SH:  0    Dex: 22    Spells: 10/10 levels left

rFire   . . .        a - +2 sling {Araceli}
rCold   . . .        J - +0 sling (freeze) {Zada}
rNeg    . . .        N - +0 steam dragon scales
rPois   .            P - +0 helmet
rElec   .            l - +0 cloak
rCorr   .            O - +0 pair of gloves
SInv    .            L - +2 pair of boots
Will    .....        (amulet unavailable)
Stlth   ++           (ring unavailable)
HPRegen 0.34/turn    (ring unavailable)
MPRegen 0.12/turn    (no gizmo)

%: no passive effects
@: revving
A: off-hand wielding, slow wielding, warmup strikes, no jewellery
a: Invent Gizmo, Renounce Religion, Heroism, Finesse, Duel


You were on level 11 of the Dungeon.
You worshipped Okawaru.
Okawaru was extremely pleased with you.
You visited 2 branches of the dungeon, and saw 12 of its levels.
You also visited: Sewer, Ossuary and Ice Cave.

You collected 1261 gold pieces.
You spent 312 gold pieces at shops.

Inventory:

Hand Weapons
 a - a +2 sling (weapon) {Araceli}
 d - a +0 sling {Jasleen}
 J - a +0 sling of freezing (offhand) {Zada}
Missiles
 q - a throwing net
Armour
 l - a +0 cloak (worn)
 L - a +2 pair of boots (worn)
 M - a +2 ring mail of cold resistance
 N - +0 steam dragon scales (worn)
 O - a +0 pair of gloves (worn)
 P - a +0 helmet (worn)
Wands
 o - a wand of polymorph (14)
 F - a wand of mindburst (10)
 I - a wand of light (8)
 K - a wand of warping (19)
Scrolls
 b - a scroll of fear
 h - 4 scrolls of teleportation
 m - 6 scrolls of amnesia
 p - 4 scrolls of revelation
 r - 2 scrolls of fog
 t - 2 scrolls of immolation
 v - 3 scrolls of poison
 x - 2 scrolls of enchant weapon
 y - 2 scrolls of blinking
 C - a scroll of vulnerability
Potions
 e - 8 potions of enlightenment {unknown}
 f - a potion of attraction {unknown}
 g - 2 potions of resistance {unknown}
 i - a potion of degeneration {unknown}
 j - 8 potions of mutation
 n - 5 potions of curing
 s - 3 potions of cancellation {unknown}
 u - 2 potions of brilliance {unknown}
 w - a potion of magic {unknown}
 z - a potion of berserk rage {unknown}
 A - 4 potions of heal wounds
 B - a potion of haste
 D - 2 potions of lignification {unknown}
 E - 2 potions of invisibility {unknown}
 G - 2 potions of ambrosia {unknown}
 Q - 3 potions of might {unknown}


   Skills:
 + Level 7.8 Fighting
 - Level 14.0 Ranged Weapons
 - Level 7.0 Dodging
 - Level 0.7 Stealth
 - Level 5.0 Evocations


You had 10 spell levels left.
You didn't know any spells.
Your spell library contained the following spells:

 Spells                   Type           Power      Damage    Failure   Level
 Apportation              Tloc           0%         N/A       38%         1
 Magic Dart               Conj           0%         1d3       38%         1
 Necrotise                Necr           0%         1d4       38%         1
 Sting                    Conj/Alch      0%         1d3       38%         1
 Blink                    Tloc           0%         N/A       52%         2
 Fugue of the Fallen      Necr           0%         N/A       77%         3
 Ozocubu's Armour         Ice            0%         N/A       77%         3
 Manifold Assault         Tloc           0%         N/A       100%        7
 Summon Small Mammal      Summ           Unusable   N/A       N/A         1
 Call Imp                 Summ           Unusable   N/A       N/A         2

Dungeon Overview and Level Annotations

Branches:
Dungeon (11/15)            Temple (1/1) D:5            Lair (0/5) D:8
  Sewer (visited)         Ossuary (visited)           IceCv (visited)
    Orc: D:9-12

Altars:
Ashenzari
Cheibriados
Dithmenos
Elyvilon
Fedhas
Gozag
Hepliaklqana
Kikubaaqudgha
Makhleb
Nemelex Xobeh
Okawaru
Qazlal
Ru
Sif Muna
Trog
Uskayaw
Vehumet
Wu Jian
Xom
Yredelemnul
Zin
The Shining One

Shops:
D:5 !   D:6 :   D:9 *


Innate Abilities, Weirdness & Mutations

You can wield a second weapon in your off-hand.
It takes a long time for you to wield or remove held weapons.
Your first few attacks do less damage.
You cannot equip rings or amulets.


Message History

The wolf closely misses you.
The polar bear bites you but does no damage.
The polar bear barely misses you. x2
Unknown command.
Fire: a) +2 sling {Araceli}
Press: ? - help, Q - select action, (/) - cycle Shift-Dir - straight line, f/p - polar bear
Aim: a polar bear (almost dead, berserk, 77% to hit)
You shoot a sling bullet.
The sling bullet hits the polar bear but does no damage.
The polar bear is almost dead.
You shoot a sling bullet.
The sling bullet barely misses the polar bear.
The wolf bites you but does no damage. The polar bear bites you!
* * * LOW HITPOINT WARNING * * *
The polar bear misses you.
The polar bear claws you but does no damage.
The wolf pauses to sniff the ground.
The wolf misses you.
Fire: a) +2 sling {Araceli}
Press: ? - help, Q - select action, (/) - cycle Shift-Dir - straight line, f/p - polar bear
Aim: a polar bear (almost dead, berserk, 77% to hit)
You shoot a sling bullet. The sling bullet hits the polar bear.
The polar bear is almost dead.
You shoot a sling bullet.
The sling bullet barely misses the polar bear.
The polar bear misses you. The polar bear closely misses you.
The polar bear claws you but does no damage.
The wolf barely misses you.
Unknown command.
Fire: a) +2 sling {Araceli}
Press: ? - help, Q - select action, (/) - cycle Shift-Dir - straight line, f/p - polar bear
Aim: a polar bear (almost dead, berserk, 77% to hit)
You shoot a sling bullet.
The sling bullet hits the polar bear but does no damage.
The polar bear is almost dead.
You shoot a sling bullet.
The sling bullet hits the polar bear but does no damage.
The polar bear is almost dead.
The polar bear bites you!!
You die...

##### #...#####
###.#.....# #...h...#
###########.#.@.#.#.#
#..............h......
#.......####..#.....##
#..#....# #........#
#..#....# #..###...#
#..#....####..# ...#
#..#........... ..#
#............### #.#
#......#####+#


You could see a polar bear (berserk) and a wolf.

Vanquished Creatures
  Erica (D:8)
  4 two-headed ogres
  Nergalle (D:10)
  Pikel (D:8)
  Joseph (D:7)
  Jeremiah (D:8)
  A komodo dragon (D:7)
  Grinder (D:3)
  A polar bear (IceCv)
  A wyvern (D:9)
  6 yaks
  2 steam dragons
  3 water moccasins
  An acid dragon (D:9)
  3 black bears
  2 ice beasts
  An orc warrior (D:6)
  2 wolves (IceCv)
  3 ogres
  5 centaurs
  A weeping skull (Ossuary)
  2 kobold brigands
  2 phantoms
  A bullfrog (D:9)
  A gnoll sergeant (D:8)
  3 scorpions
  7 water moccasin zombies (Ossuary)
  8 wights
  14 killer bees
  5 howler monkeys
  A gnoll bouda (D:6)
  4 jellies
  4 hounds
  6 orc priests
  9 iguanas
  Ijyb (D:3)
  A sleepcap (D:6)
  Natasha (thrice) (D:2)
  10 orc wizards
  A hell rat (Sewer)
  2 crocodile zombies (Ossuary)
  A bullfrog simulacrum (Ossuary)
  2 mummies (Ossuary)
  11 gnolls
  7 adders
  2 river rats (Sewer)
  2 white imps (D:7)
  6 adder zombies (Ossuary)
  2 dart slugs (D:4)
  2 ribbon worms
  31 orcs
  8 ball pythons
  8 bats
  11 endoplasms
  7 giant cockroaches
  3 gnoll zombies (Ossuary)
  10 goblins
  9 hobgoblins
  13 kobolds
  4 quokkas
  11 frilled lizards
  A goblin zombie (D:4)
  6 jackal zombies (Ossuary)
  2 orc zombies (Ossuary)
  11 rats
  A rat zombie (D:4)
298 creatures vanquished.

Notes
Turn   | Place    | Note
-------+----------+-------------------------------------------
     0 | D:1      | Biggs the Coglin Hunter began the quest for the Orb.
     0 | D:1      | Reached XP level 1. HP: 16/16 MP: 1/1
    77 | D:1      | Reached skill level 4 in Ranged Weapons
    77 | D:1      | Reached XP level 2. HP: 22/22 MP: 2/2
   382 | D:1      | Found a faded altar of an unknown god.
   550 | D:1      | Reached XP level 3. HP: 27/27 MP: 3/3
  1070 | D:2      | Reached skill level 5 in Ranged Weapons
  1070 | D:2      | Reached XP level 4. HP: 33/33 MP: 4/4
  1189 | D:2      | Noticed Natasha
  1195 | D:2      | Killed Natasha
  1458 | D:2      | Noticed Natasha
  1464 | D:2      | Killed Natasha
  1465 | D:2      | Reached XP level 5. HP: 32/38 MP: 5/5
  1581 | D:2      | Noticed Natasha
  1588 | D:2      | Killed Natasha
  1649 | D:3      | Reached skill level 6 in Ranged Weapons
  2001 | D:3      | Noticed Ijyb
  2025 | D:3      | Killed Ijyb
  2026 | D:3      | Reached XP level 6. HP: 44/44 MP: 6/6
  2109 | D:3      | Noticed Grinder
  2112 | D:3      | Paralysed by Grinder for 2 turns
  2146 | D:3      | Paralysed by Grinder for 4 turns
  2152 | D:3      | Killed Grinder
  2153 | D:3      | Reached skill level 7 in Ranged Weapons
  2153 | D:3      | Reached XP level 7. HP: 31/50 MP: 7/7
  2809 | D:4      | Reached skill level 8 in Ranged Weapons
  2977 | D:4      | Found a sand-covered staircase.
  2984 | Ossuary  | Entered an ossuary
  3422 | Ossuary  | Reached XP level 8. HP: 39/58 MP: 8/8
  3649 | Ossuary  | Reached skill level 5 in Fighting
  4089 | D:4      | Found a white marble altar of Elyvilon.
  4113 | D:4      | Reached skill level 9 in Ranged Weapons
  4373 | D:5      | Entered Level 5 of the Dungeon
  4383 | D:5      | Reached XP level 9. HP: 68/68 MP: 9/9
  4486 | D:5      | Found Loshuxia's Distillery.
  4492 | D:5      | Reached skill level 10 in Ranged Weapons
  4535 | D:5      | Bought a potion of heal wounds for 60 gold pieces
  4535 | D:5      | Bought a potion of curing for 36 gold pieces
  4535 | D:5      | Bought a potion of haste for 120 gold pieces
  4535 | D:5      | Bought a potion of mutation for 96 gold pieces
  4848 | D:5      | Found a staircase to the Ecumenical Temple.
  4863 | Temple   | Entered the Ecumenical Temple
  4905 | Temple   | Became a worshipper of Warmaster Okawaru
  5012 | D:5      | Found a glowing drain.
  5015 | Sewer    | Entered a sewer
  6022 | D:6      | Reached skill level 11 in Ranged Weapons
  6264 | D:6      | Found a burning altar of Makhleb.
  6269 | D:6      | Reached * piety under Okawaru
  6531 | D:6      | Reached skill level 12 in Ranged Weapons
  6723 | D:6      | Found Venwuluc's Book Emporium.
  6730 | D:6      | Reached XP level 10. HP: 74/74 MP: 10/10
  7478 | D:7      | Noticed Joseph
  7527 | D:7      | Reached ** piety under Okawaru
  8061 | D:8      | Noticed Jeremiah
  8073 | D:8      | Killed Jeremiah
  8074 | D:8      | Reached skill level 5 in Dodging
  8079 | D:8      | Noticed Erica
  8217 | D:8      | Killed Erica
  8589 | D:7      | Killed Joseph
  8589 | D:7      | Reached *** piety under Okawaru
  9065 | D:8      | Found a staircase to the Lair.
  9172 | D:8      | Reached skill level 1 in Evocations
  9481 | D:8      | Identified the +10 quarterstaff "Miagaam" {flame, rPois
                  | rC++ Int-2 Dex+2}
  9787 | D:8      | Noticed Pikel
  9802 | D:8      | Killed Pikel
  9803 | D:8      | Reached skill level 5 in Evocations
  9803 | D:8      | Reached XP level 11. HP: 79/79 MP: 11/11
 10113 | D:9      | Reached skill level 13 in Ranged Weapons
 10140 | D:9      | Found a stormy altar of Qazlal.
 10461 | D:9      | Found an opulent altar of Gozag.
 10483 | D:9      | Reached **** piety under Okawaru
 10572 | D:9      | Found Gozag's Platinum Reserve.
 10727 | D:9      | Noticed a two-headed ogre
 10736 | D:9      | Killed a two-headed ogre
 11154 | D:10     | Entered Level 10 of the Dungeon
 11182 | D:10     | Noticed a two-headed ogre
 11191 | D:10     | Killed a two-headed ogre
 11191 | D:10     | Reached ***** piety under Okawaru
 11192 | D:10     | Reached skill level 14 in Ranged Weapons
 11226 | D:10     | Noticed a two-headed ogre
 11237 | D:10     | Killed a two-headed ogre
 11468 | D:10     | Noticed Nergalle
 11481 | D:10     | Killed Nergalle
 11481 | D:10     | Received a gift from Okawaru
 11592 | D:10     | Noticed a two-headed ogre
 11598 | D:10     | Killed a two-headed ogre
 11722 | D:10     | Found a snail-covered altar of Cheibriados.
 11723 | D:10     | Identified a scroll of acquirement
 11724 | D:10     | Acquired 517 gold pieces
 12234 | D:11     | Found a frozen archway.
 12246 | IceCv    | Entered an ice cave
 12370 | D:11     | Mangled by a polar bear

Illustrated notes

Levels and vault maps discovered:
D:1:      dpeg_arrival_pits, layout_basic, ebering_ecumenical_altar_hall,
          dreamdust_princess_corridor
D:2:      layout_basic, minivault_5, uniq_natasha
D:3:      kennysheep_the_goblin_king, layout_basic, uniq_grinder
D:4:      layout_loops_corners, marbit_many_paths, enter_ossuary_4
D:5:      layout_basic, minmay_temple_entry_proselytizer, serial_curves,
          eino_curves_02, eino_curves_04,
          mainiacjoe_sewer_entry_somewhere_in_here_1, serial_shops, shop,
          hangedman_decor_growths
D:6:      layout_basic, mainiacjoe_overflow_catwalk, serial_shops,
          nicolae_shop_getting_attention, corexii_corridor_pit
D:7:      layout_basic, serial_co_window_serial, co_window_paths_a,
          co_window_paths_a, co_window_corner_a, co_window_paths_b,
          co_window_of_opportunity_a, co_window_broadway_a, co_window_corner_ca,
          co_window_broadway_a, co_window_of_opportunity_b, co_window_corner_cb,
          co_window_broadway_b, co_window_paths_d, minmay_lizard_king,
          uniq_joseph
D:8:      layout_cave_pods, lair_entry_dummy, minmay_misc_feat_tiny, uniq_erica,
          uniq_jeremiah, uniq_pikel
D:9:      nicolae_whirlpool, layout_basic, nicolae_gozag_zags_fifth_avenue,
          overflow_temple_1_default, serial_corexii_hall,
          corexii_hall_statues_l, corexii_hall_statues_i
D:10:     layout_irregular_city, mainiacjoe_overflow_six_doors_small,
          roderic_lattice_a, uniq_nergalle
D:11:     layout_stronghold, erik_orc_2, portal_ice_cave_entry_pillars_1,
          nicolae_elyvilon_temple_path, uniq_snorg
Temple:   minmay_crystal_spiral_temple

Skill      XL: |  1  2  3  4  5  6  7  8  9 10 11 |
---------------+----------------------------------+-----
Ranged Weapons | 4 5 6 7 8 9 12 14 | 14.0
Dodging        | 2 7 |  7.0
Fighting       | 3 5 7 |  7.8
Evocations     | 5 |  5.0
Stealth        | |  0.7

Action                     |  1- 3 |  4- 6 |  7- 9 | 10-12 || total
---------------------------+-------+-------+-------+-------++-------
  Melee: Unarmed           |       |    20 |       |       ||    20
   Fire: Sling             |   148 |   162 |   956 |   876 ||  2142
  Evoke: Wand              |       |       |       |     7 ||     7
    Use: Scroll            |       |       |     7 |     9 ||    16
         Potion            |       |       |       |     2 ||     2
 Armour: Leather armour    |     7 |    13 |   139 |    39 ||   198
         Skin              |       |     9 |       |       ||     9
         Steam dragon scal |       |       |       |    66 ||    66
  Dodge: Dodged            |    11 |    17 |   108 |   115 ||   251

Table legend: (Time is in decaauts)
 A = Elapsed time spent in this place.
 B = Non-inter-level travel time spent in this place.
 C = Inter-level travel time spent in this place.
 D = Time resting spent in this place.
 E = Time spent auto-exploring this place.
 F = Levels seen in this place.
 G = Mean time per level.
                   A        B        C        D        E       F      G
               +--------+--------+--------+--------+--------+-----+--------+
         Total |  12319 |  11826 |    493 |    337 |   9785 |  15 |  821.3 |
       Dungeon |  11198 |  10787 |    411 |    337 |   8958 |  11 | 1018.0 |
        Temple |     84 |      2 |     82 |      0 |      0 |   1 |   84.0 |
         Sewer |    187 |    187 |      0 |      0 |    154 |   1 |  187.0 |
       Ossuary |    741 |    741 |      0 |      0 |    604 |   1 |  741.0 |
      Ice Cave |    107 |    107 |      0 |      0 |     69 |   1 |  107.0 |
               +--------+--------+--------+--------+--------+-----+--------+

Top non-repeatable levels by time:
     D:7: 1691 daAuts
     D:5: 1331 daAuts
     D:8: 1210 daAuts
     D:6: 1123 daAuts
     D:9: 1094 daAuts
     D:4: 1018 daAuts
     D:3: 1011 daAuts
    D:10: 981 daAuts
     D:1: 919 daAuts
 Ossuary: 741 daAuts
     D:2: 717 daAuts
   Sewer: 187 daAuts
   IceCv: 107 daAuts
    D:11: 99 daAuts
  Temple: 84 daAuts
